 Dungeon Crawl Stone Soup version 0.22-a0-307-g2b15929 (webtiles) character file.

1815 sankara the Ruffian (level 9, 0/53 HPs)
             Began as an Octopode Transmuter on Apr 1, 2018.
             Was a Believer of Makhleb.
             Slain by a green ugly thing (13 damage)
             ... on level 6 of the Dungeon.
             The game lasted 00:29:46 (8181 turns).

sankara the Ruffian (Octopode Transmuter)           Turns: 8181, Time: 00:29:46

Health: 0/53       AC:  1    Str: 13    XL:     9   Next: 10%
Magic:  6/13       EV: 14    Int: 15    God:    Makhleb [**....]
Gold:   345        SH:  0    Dex: 16    Spells: 4/14 levels left

rFire    . . .     SeeInvis .     - Unarmed
rCold    . . .     Gourm    .   (no shield)
rNeg     . . .     Faith    .   (helmet restricted)
rPois    +         Spirit   .   (no amulet)
rElec    .         Reflect  .   k - +4 ring of dexterity
rCorr    .         Harm     .   b - ring of wizardry {Wiz+, !d}
MR       .....                  J - ring of poison resistance {rPois, !d}
Stlth    +++.......             (no ring)
HPRegen  0.17/turn              (no ring)
MPRegen  0.13/turn              (no ring)
                                (no ring)
                                (no ring)

@: about to teleport
A: almost no armour, stealthy swim, amphibious, 8 rings, constrict 8, camouflage
1, gelatinous body 1
a: Minor Destruction, Renounce Religion


You were on level 6 of the Dungeon.
You worshipped Makhleb.
Makhleb was pleased with you.
You were not hungry.

You visited 2 branches of the dungeon, and saw 8 of its levels.

You collected 345 gold pieces.

Inventory:

Missiles
 a - 55 arrows
 e - 2 tomahawks (quivered)
 j - 199 stones
 n - 26 sling bullets
Jewellery
 b - a ring of wizardry (right tentacle) {Wiz+, !d}
   (You found it on level 3 of the Dungeon)
 k - a +4 ring of dexterity (left tentacle)
   (You found it on level 1 of the Dungeon)
 J - a ring of poison resistance (on tentacle) {rPois, !d}
   (You found it on level 7 of the Dungeon)
Wands
 u - a wand of random effects (26)
   (You found it on level 3 of the Dungeon)
 x - a wand of acid (25)
   (You found it on level 4 of the Dungeon)
 C - a wand of flame (65)
   (You took it off Ijyb on level 4 of the Dungeon)
 F - a wand of iceblast (16)
   (You found it on level 5 of the Dungeon)
Scrolls
 f - 5 scrolls of teleportation
 g - 11 scrolls of identify
 h - 2 scrolls of amnesia {unknown}
 i - 2 scrolls of immolation {unknown}
 t - 2 scrolls of fog {unknown}
 v - a scroll of enchant weapon {unknown}
 w - a scroll of remove curse
 y - 2 scrolls of random uselessness {unknown}
 E - a scroll of magic mapping {unknown}
 G - a scroll of torment {unknown}
 H - a scroll of noise {unknown}
 I - a scroll of blinking {unknown}
Potions
 d - 2 potions of curing
 l - a potion of heal wounds {unknown}
 m - 2 potions of flight {unknown}
 o - a potion of resistance {unknown}
 p - 3 potions of degeneration {unknown}
 r - a potion of lignification {unknown}
 s - 2 potions of agility
 z - 2 potions of mutation {unknown}
 A - a potion of ambrosia {unknown}
 B - a potion of cancellation {unknown}
 D - a potion of brilliance {unknown}
Comestibles
 c - 9 rations


   Skills:
 - Level 1.0 Fighting
 - Level 2.0 Dodging
 - Level 3.0 Stealth
 + Level 7.2 Unarmed Combat
 - Level 3.0 Spellcasting
 + Level 6.8 Transmutations
 - Level 4.0 Ice Magic
 - Level 4.0 Poison Magic
 + Level 0.0 Invocations
 - Level 1.0 Evocations


You had 4 spell levels left.
You knew the following spells:

 Your Spells              Type           Power        Failure   Level  Hunger
a - Beastly Appendage     Tmut           ###...       1%          1    #......
b - Sticks to Snakes      Tmut           ###.....     1%          2    ##.....
c - Spider Form           Tmut/Pois      ###.......   2%          3    ###....
d - Ice Form              Ice/Tmut       ###.....     9%          4    #####..


Dungeon Overview and Level Annotations

Branches:
Dungeon (7/15)             Temple (1/1) D:6

Altars:
Ashenzari
Cheibriados
Elyvilon
Fedhas
Gozag
Hepliaklqana
Kikubaaqudgha
Makhleb
Nemelex Xobeh
Okawaru
Qazlal
Ru
Sif Muna
Trog
Uskayaw
Vehumet
Wu Jian
Xom
Yredelemnul
Zin
The Shining One


Innate Abilities, Weirdness & Mutations

You cannot wear most types of armour.
You are very stealthy in the water. (Stealth+)
You are amphibious.
You can wear up to eight rings at the same time.
You can use your tentacles to constrict eight enemies at once.
Your skin changes colour to match your surroundings (Stealth+).
Your rubbery body absorbs attacks. (AC +1, EV +1)


Message History

Your ball python dies!
You hear an angry hiss.
You hear a shout!
Casting: Sticks to Snakes (safe; 1% risk of failure)
Confirm with . or Enter, or press ? or * to list all spells.
You create a snake!
You now have 57 arrows.
You hear a shout!
The centaur moves out of view.
Casting: Sticks to Snakes (safe; 1% risk of failure)
Confirm with . or Enter, or press ? or * to list all spells.
You turn into a venomous arachnid creature.
Something closely misses your ball python.
The centaur shoots an arrow.
The arrow hits your ball python!
Your ball python dies!
You hear a horrible gurgling sound!
A deep elf mage comes into view.
It is wielding a dagger. 2 iguanas, a jelly, a worker ant, a scorpion, an ugly thing and a deep elf mage come into view.
The jelly quivers.
The worker ant twitches its antennae in your direction.
The scorpion moves out of view.
The green ugly thing tail-slaps you.
You closely miss the green ugly thing. The green ugly thing misses you.
You hit the green ugly thing.
The green ugly thing is lightly wounded.
The deep elf mage gestures wildly while chanting.
You completely miss the green ugly thing.
The green ugly thing is lightly wounded.
The green ugly thing misses you.
You hit the green ugly thing.
The green ugly thing is lightly wounded.
The green ugly thing closely misses you.
The deep elf mage mumbles some strange words.
You hit the green ugly thing.
The green ugly thing is moderately wounded.
The earth elemental disappears in a puff of smoke!
The deep elf mage mumbles some strange words.
The green ugly thing tail-slaps you!
You are poisoned.
The green ugly thing poisons you!
You hit the green ugly thing.
The green ugly thing is poisoned.
The green ugly thing is moderately wounded.
You feel very sick. The green ugly thing barely misses you.
You swap places.
You feel sick.
Your ball python bites the green ugly thing but does no damage.
Your ball python barely misses the green ugly thing.
The green ugly thing misses your ball python.
Your ball python closely misses the green ugly thing.
Your ball python grabs the green ugly thing.
Your ball python constricts the green ugly thing.
You feel sick. Something tail-slaps your ball python.
Your ball python dies!
You feel sick.
You feel sick.
You feel sick.
Casting: Spider Form (safe; 7% risk of failure)
Confirm with . or Enter, or press ? or * to list all spells.
You create a snake!
You now have 56 arrows.
You feel sick.
The green ugly thing tail-slaps your ball python.
Your ball python dies!
You feel sick.
A hippogriff comes into view.
You feel sick.
You feel sick.
You feel sick.
Your transformation is almost over.
You feel sick.
You feel sick.
You feel sick.
You feel sick.
You feel sick.
You feel sick.
You feel sick.
You feel sick.
You feel sick.
Things that are here:
a club; a leather armour Your transformation has ended.
You feel sick.
You feel sick.
Casting: Sticks to Snakes (safe; 1% risk of failure)
Confirm with . or Enter, or press ? or * to list all spells.
You create a snake!
You now have 55 arrows.
You feel sick. The green ugly thing tail-slaps you.
* * * LOW HITPOINT WARNING * * *
Your adder completely misses the green ugly thing.
* * * LOW HITPOINT WARNING * * *
You feel sick.
Your adder bites the green ugly thing.
Your adder bites the green ugly thing but does no damage.
* * * LOW HITPOINT WARNING * * *
You feel sick.
There is a stone staircase leading up here.
It was a potion of curing.
You feel better.
The green ugly thing completely misses you.
Your adder bites the green ugly thing.
The green ugly thing closely misses you.
Your adder bites the green ugly thing.
You climb upwards.
There is a stone staircase leading down here.
As you read the scroll of teleportation, it crumbles to dust.
You feel strangely unstable. The green ugly thing tail-slaps you!
You die...

.#..........>...........# ##....
.#......................# #.....
.##....##...))..........# #.....
(########...###'######.######....
.# #...##..##.######..##.... .#
#...#....#............... .#
#...#....#...............
.########...#....#...............
.##....##...#...@#...............
......[.....##.u###.####...##....
............##..###.####...##....
.............#....#........'.....
.>...........#....'........#.....
.##....##....'....#........#.....
#########....#....#........#.....
#....##'####...#######....
#....##..###...###..##....


You could see a green ugly thing.

Vanquished Creatures
  Prince Ribbit (D:5)
  An ogre (D:4)
  The ghost of sankara the Insei, an amateur OpTm (D:3)
  Blork the orc (D:6)
  2 bullfrogs (D:7)
  3 scorpions
  2 crimson imps
  3 hounds
  A bullfrog skeleton (D:4)
  2 orc priests (D:4)
  A centaur skeleton (D:4)
  Ijyb (D:4)
  5 orc wizards
  2 worker ants
  A hound zombie (D:7)
  2 hound skeletons
  A worker ant zombie (D:7)
  A gnoll (D:1)
  8 adders
  2 shadow imps (D:5)
  An ooze (D:1)
  3 worms
  3 dart slugs
  8 leopard geckos
  13 orcs
  5 giant cockroaches
  8 hobgoblins
  15 jackals
  5 quokkas
  3 ball pythons
  8 bats
  3 frilled lizards
  11 goblins
  8 kobolds
  A leopard gecko zombie (D:5)
  7 rats
143 creatures vanquished.

Vanquished Creatures (collateral kills)
  The ghost of xccam the Cleaver, a novice FoFi of Cheibriados (D:6)
1 creature vanquished.

Grand Total: 144 creatures vanquished

Notes
Turn   | Place    | Note
-------+----------+-------------------------------------------
     0 | D:1      | sankara the Octopode Transmuter began the quest for the Orb.
     0 | D:1      | Reached XP level 1. HP: 13/13 MP: 3/3
   267 | D:1      | Reached XP level 2. HP: 17/18 MP: 3/5
   283 | D:1      | Learned a level 2 spell: Sticks to Snakes
   661 | D:1      | Reached XP level 3. HP: 21/23 MP: 4/6
   679 | D:1      | Learned a level 3 spell: Spider Form
  1239 | D:1      | Reached skill level 3 in Transmutations
  1566 | D:2      | Reached skill level 1 in Poison Magic
  1566 | D:2      | Reached XP level 4. HP: 25/28 MP: 3/7
  1837 | D:2      | Reached skill level 4 in Unarmed Combat
  2333 | D:2      | Reached skill level 2 in Poison Magic
  2333 | D:2      | Reached XP level 5. HP: 31/33 MP: 5/8
  2675 | D:3      | Noticed sankara's ghost (amateur OpTm)
  2686 | D:3      | HP: 4/33 [sankara's ghost (5)]
  2693 | D:3      | HP: 3/33 [jackal (2)]
  2700 | D:2      | HP: 3/33 [jackal (1)]
  3019 | D:3      | Killed sankara's ghost
  3019 | D:3      | Reached skill level 4 in Transmutations
  3019 | D:3      | Reached skill level 3 in Poison Magic
  3019 | D:3      | Reached XP level 6. HP: 24/38 MP: 2/9
  3395 | D:3      | Found a burning altar of Makhleb.
  3451 | D:3      | Reached skill level 1 in Stealth
  3794 | D:3      | Became a worshipper of Makhleb the Destroyer
  3846 | D:4      | Reached skill level 1 in Evocations
  4275 | D:4      | Noticed Ijyb
  4303 | D:4      | Killed Ijyb
  4303 | D:4      | Reached skill level 2 in Stealth
  4470 | D:4      | HP: 8/38 [orc priest/divine providence (9)]
  4473 | D:4      | HP: 2/38 [orc priest/nerve-wracking pain (3)]
  4488 | D:4      | Reached skill level 5 in Unarmed Combat
  4488 | D:4      | Reached XP level 7. HP: 4/43 MP: 10/10
  5019 | D:4      | Reached * piety under Makhleb
  5025 | D:4      | Reached skill level 3 in Stealth
  5474 | D:5      | Entered Level 5 of the Dungeon
  5478 | D:5      | Noticed Prince Ribbit
  5539 | D:4      | Reached skill level 3 in Spellcasting
  5555 | D:4      | Learned a level 4 spell: Ice Form
  5692 | D:5      | Killed Prince Ribbit
  5692 | D:5      | Reached skill level 5 in Transmutations
  5692 | D:5      | Reached skill level 1 in Ice Magic
  5692 | D:5      | Reached XP level 8. HP: 41/48 MP: 7/12
  6033 | D:5      | Reached skill level 4 in Poison Magic
  6067 | D:5      | Found a sacrificial altar of Ru.
  6136 | D:5      | Reached skill level 2 in Ice Magic
  6216 | D:6      | Noticed Blork the orc
  6325 | D:6      | Killed Blork the orc
  6325 | D:6      | Reached skill level 6 in Unarmed Combat
  6449 | D:6      | HP: 12/48 [orc/dagger of freezing (2)]
  6764 | D:6      | Found a staircase to the Ecumenical Temple.
  6792 | Temple   | Entered the Ecumenical Temple
  7009 | D:6      | Noticed xccam's ghost (novice FoFi)
  7068 | D:6      | Killed xccam's ghost
  7068 | D:6      | Reached skill level 6 in Transmutations
  7068 | D:6      | Reached skill level 3 in Ice Magic
  7481 | D:7      | Reached skill level 4 in Ice Magic
  7484 | D:7      | HP: 7/48 [bullfrog (8)]
  7485 | D:7      | HP: 3/48 [hound (2)]
  7489 | D:7      | Reached skill level 7 in Unarmed Combat
  7489 | D:7      | Reached XP level 9. HP: 4/53 MP: 13/13
  7728 | D:7      | Found a glowing silver altar of Zin.
  7729 | D:7      | Found a glowing golden altar of the Shining One.
  7730 | D:7      | Found a radiant altar of Vehumet.
  7730 | D:7      | Found a sacrificial altar of Ru.
  7771 | D:7      | Reached ** piety under Makhleb
  8025 | D:7      | Found an ornate altar of the Wu Jian Council.
  8138 | D:7      | Noticed a deep elf mage
  8138 | D:7      | Noticed a deep elf mage
  8138 | D:7      | Noticed a green ugly thing
  8156 | D:7      | HP: 13/53 [poisoned by a green ugly thing]
  8162 | D:7      | HP: 9/53 [poisoned by a green ugly thing]
  8168 | D:7      | HP: 6/53 [poisoned by a green ugly thing]
  8173 | D:7      | HP: 2/53 [poisoned by a green ugly thing]
  8181 | D:6      | Slain by a green ugly thing

Vault maps used:
D:1:      onia_arrival_pentagram
D:2:      minmay_misc_feat_more_columns, serial_park_tiny_1
D:3:      makhleb_heckhound_becter, first_ration
D:4:      uniq_ijyb
D:5:      kennysheep_mini, minmay_misc_feat_x, uniq_prince_ribbit1
D:6:      minmay_temple_entry_hall, uniq_blork_the_orc
D:7:      minmay_the_grid_octo_tiled_octocenter, nicolae_overflow_hidden_temple,
          lemuel_coloured_pillars_altar, tgw_xom
Temple:   compressed_dpeg_circular_temple

Skill      XL: |  1  2  3  4  5  6  7  8 |
---------------+-------------------------+-----
Transmutations | 3 4 5 6 |  6.8
Poison Magic   | 1 2 3 4 |  4.0
Unarmed Combat | 4 5 7 |  7.2
Stealth        | 2 3 |  3.0
Evocations     | 1 |  1.0
Spellcasting   | 3 |  3.0
Ice Magic      | 1 4 |  4.0
Fighting       | |  1.0
Dodging        | |  2.0

Action                   |  1- 3 |  4- 6 |  7- 9 || total
-------------------------+-------+-------+-------++-------
Melee: Unarmed           |    60 |   184 |   168 ||   412
       Constrict         |    13 |     6 |     2 ||    21
       Tentacles         |     8 |     2 |       ||    10
       Kick              |     8 |     2 |       ||    10
       Punch             |     2 |     1 |       ||     3
 Cast: Beastly Appendage |    15 |     2 |       ||    17
       Spider Form       |     9 |    35 |    26 ||    70
       Sticks to Snakes  |       |     2 |    10 ||    12
       Ice Form          |       |       |     1 ||     1
  Use: Potion            |       |     1 |     2 ||     3
       Scroll            |       |       |     5 ||     5
 Stab: Sleeping          |     1 |     3 |     2 ||     6
  Eat: Chunk             |     4 |    15 |    15 ||    34
Armor: Skin              |    11 |    15 |     8 ||    34
Dodge: Dodged            |    52 |   149 |   162 ||   363

Table legend:
 A = Spawn XP
 B = Non-spawn XP
 C = Spawn XP percentage of total XP
 D = Spawn monster count
 E = Non-spawn monster count
 F = Spawn count percentage of total count
 G = Total turns spent on level
                    A         B        C        D         E        F      G
               +---------+---------+-------+---------+---------+-------+---------
         Total |       0 |    2594 |   0.0 |       0 |     144 |   0.0 |  8181
               +---------+---------+-------+---------+---------+-------+---------
           D:1 |       0 |      72 |   0.0 |       0 |      29 |   0.0 |  1549
           D:2 |       0 |     125 |   0.0 |       0 |      28 |   0.0 |  1166
           D:3 |       0 |     236 |   0.0 |       0 |      25 |   0.0 |  1238
           D:4 |       0 |     499 |   0.0 |       0 |      31 |   0.0 |  1734
           D:5 |       0 |     527 |   0.0 |       0 |      12 |   0.0 |   570
           D:6 |       0 |     716 |   0.0 |       0 |       8 |   0.0 |  1075
           D:7 |       0 |     419 |   0.0 |       0 |      11 |   0.0 |   731
               +---------+---------+-------+---------+---------+-------+---------

Vault maps used:
D:1:      onia_arrival_pentagram
D:2:      minmay_misc_feat_more_columns, serial_park_tiny_1
D:3:      makhleb_heckhound_becter, first_ration
D:4:      uniq_ijyb
D:5:      kennysheep_mini, minmay_misc_feat_x, uniq_prince_ribbit1
D:6:      minmay_temple_entry_hall, uniq_blork_the_orc
D:7:      minmay_the_grid_octo_tiled_octocenter, nicolae_overflow_hidden_temple,
          lemuel_coloured_pillars_altar, tgw_xom
Temple:   compressed_dpeg_circular_temple

Table legend:
 A = Turns spent in this place as a percentage of turns spent in the entire game.
 B = Non-inter-level travel turns spent in this place as a percentage of non-inter-level travel turns spent in the entire game.
 C = Inter-level travel turns spent in this place as a percentage of turns spent in this place.
 D = Turns resting spent in this place as a percentage of non-inter-level travel turns spent in this place.
 E = Turns spent auto-exploring this place as a percentage of non-inter-level travel turns spent in this place.
 F = Non-inter-level travel turns spent in this place divided by the number of levels of this place that you've seen.
                   A       B       C       D       E      F
               +-------+-------+-------+-------+-------+----------------------
         Total | 100.0 | 100.0 |   5.2 |  32.0 |  44.5 | 969.0
       Dungeon |  98.6 |  99.0 |   4.8 |  32.3 |  44.0 | 1096.9
        Temple |   1.4 |   1.0 |  37.3 |   0.0 |  97.3 |  74.0
               +-------+-------+-------+-------+-------+----------------------

Table legend:
 A = Kills in this place as a percentage of kills in entire the game.
 B = Kills by you in this place as a percentage of kills by you in the entire game.
 C = Kills by friends in this place as a percentage of kills by friends in the entire game.
 D = Other kills in this place as a percentage of other kills in the entire game.
 E = Experience gained in this place as a percentage of experience gained in the entire game.
 F = Experience gained in this place divided by the number of levels of this place that you have seen.
                   A       B       C       D       E      F
               +-------+-------+-------+-------+-------+----------------------
         Total | 100.0 | 100.0 | 100.0 |   N/A | 100.0 | 324.2
       Dungeon | 100.0 | 100.0 | 100.0 |   N/A | 100.0 | 370.6
               +-------+-------+-------+-------+-------+----------------------
